 Dungeon Crawl Stone Soup version 0.22.1-1-ga44c0e56f4 (webtiles) character file.

138 LLavrengius the Insei (level 5, -5/34 HPs)
             Began as an Octopode Transmuter on Nov 6, 2018.
             Slain by an orc
             ... wielding a cursed -2 hand axe
              (7 damage)
             ... on level 3 of the Dungeon.
             The game lasted 00:06:56 (2526 turns).

LLavrengius the Insei (Octopode Transmuter)         Turns: 2526, Time: 00:06:57

Health: -5/34      AC:  2    Str:  9    XL:     5   Next: 21%
Magic:  1/8        EV: 20    Int: 16    God:
Gold:   89         SH:  0    Dex: 18    Spells: 2/8 levels left

rFire    . . .     SeeInvis .     - Unarmed
rCold    . . .     Gourm    .   (shield currently unavailable)
rNeg     . . .     Faith    .   (helmet currently unavailable)
rPois    x         Spirit   .   (no amulet)
rElec    .         Reflect  .   (no ring)
rCorr    .         Harm     .   (no ring)
MR       .....                  (no ring)
Stlth    ++........             (no ring)
HPRegen  0.11/turn              (no ring)
MPRegen  0.11/turn              (no ring)
                                (no ring)
                                (no ring)

@: spider-form (expiring)
A: tiny, almost no armour, stealthy swim, (amphibious), 8 rings, (constrict 8)
a: End Transformation


You were on level 3 of the Dungeon.
You were hungry.
You were a venomous arachnid creature.
You visited 1 branch of the dungeon, and saw 3 of its levels.

You collected 89 gold pieces.

Inventory:

Hand Weapons
 n - a +0 shortbow
Missiles
 a - 12 arrows
 d - 91 stones
 g - 4 tomahawks (quivered)
Jewellery
 i - an uncursed amulet of guardian spirit {unknown}
 l - a +3 ring of intelligence {unknown}
Scrolls
 e - 3 scrolls of remove curse {unknown}
 j - 3 scrolls of teleportation {unknown}
 k - a scroll of fog {unknown}
 m - a scroll of identify {unknown}
Potions
 b - a potion of mutation {unknown}
 f - a potion of haste {unknown}
 h - a potion of flight {unknown}
 o - a potion of heal wounds {unknown}
 q - a potion of magic {unknown}
 r - 2 potions of curing {unknown}
Comestibles
 c - 9 rations
 p - 3 chunks of flesh


   Skills:
 + Level 2.2 Fighting
 - Level 2.0 Dodging
 + Level 3.7 Unarmed Combat
 - Level 2.0 Spellcasting
 * Level 3.7 Transmutations
 + Level 1.7 Poison Magic


You had 2 spell levels left.
You knew the following spells:

 Your Spells              Type           Power        Failure   Level  Hunger
a - Beastly Appendage     Tmut           ##....       13%         1    #......
b - Sticks to Snakes      Tmut           ##......     19%         2    ###....
c - Spider Form           Tmut/Pois      ##........   41%         3    ###....

Your spell library contained the following spells:

 Spells                   Type           Power        Failure   Level  Hunger
 Ice Form                 Ice/Tmut       #.......     85%         4    #####..
 Blade Hands              Tmut           ##........   90%         5    ######.


Dungeon Overview and Level Annotations

Branches:
Dungeon (3/15)

Altars:

Annotations:
D:3 Sigmund


Innate Abilities, Weirdness & Mutations

You cannot wear most types of armour.
You are very stealthy in the water. (Stealth+)
((You are amphibious.))
You can wear up to eight rings at the same time.
((You can use your tentacles to constrict eight enemies at once.))
((Your skin changes colour to match your surroundings (Stealth+).))
((Your rubbery body absorbs attacks. (AC +1, EV +1)))


Message History

You hit Robin.
Robin looks as sick as possible!
Robin is heavily wounded.
Your transformation is almost over.
Robin closely misses you.
You hit Robin.
Robin is almost dead.
You kill Robin!
You closely miss the orc. The orc hits you with a hand axe.
* * * LOW HITPOINT WARNING * * *
You hit the orc.
The orc is poisoned.
The orc is heavily wounded.
The orc hits you with a hand axe.
* * * LOW HITPOINT WARNING * * *
You hit the orc but do no damage.
The orc is heavily wounded.
The orc closely misses you.
You barely miss the orc.
The orc is heavily wounded.
The orc hits you with a hand axe!
You die...

#.......#
##############.......###
.....................'.)
######.######)......###
#.# #####.###.. #.# #.#
#.# #.# ####.. #.# #.#
......##.# #s#
......'..# #o#
......#### #.# ..... #.#
...@ #.# ... #)# .. #.#
. #)# ..#


You could see an orc.

Vanquished Creatures
  A hound (D:2)
  Robin (D:3)
  2 adders (D:2)
  2 dart slugs
  2 leopard geckos
  3 orcs (D:3)
  3 giant cockroaches (D:1)
  6 hobgoblins
  7 jackals
  10 kobolds
  A quokka (D:2)
  A ball python (D:1)
  5 bats
  3 frilled lizards
  16 goblins
  7 rats
70 creatures vanquished.

Notes
Turn   | Place    | Note
-------+----------+-------------------------------------------
     0 | D:1      | LLavrengius the Octopode Transmuter began the quest for the
                  | Orb.
     0 | D:1      | Reached XP level 1. HP: 13/13 MP: 3/3
   332 | D:1      | Reached XP level 2. HP: 14/18 MP: 3/5
   769 | D:1      | Learned a level 2 spell: Sticks to Snakes
   849 | D:1      | Reached XP level 3. HP: 16/23 MP: 6/6
   854 | D:1      | Learned a level 3 spell: Spider Form
  1411 | D:2      | Reached skill level 1 in Poison Magic
  1411 | D:2      | Reached XP level 4. HP: 24/29 MP: 5/7
  2364 | D:3      | Noticed Sigmund
  2476 | D:3      | Noticed Robin
  2491 | D:3      | Reached XP level 5. HP: 9/34 MP: 4/8
  2521 | D:3      | Killed Robin
  2524 | D:3      | HP: 1/34 [orc/hand axe (2)]
  2526 | D:3      | Slain by an orc

Skill      XL: |  1  2  3  4 |
---------------+-------------+-----
Transmutations | 3 |  3.7
Poison Magic   | 1 |  1.7
Fighting       | 2 |  2.2
Dodging        | |  2.0
Unarmed Combat | |  3.7
Spellcasting   | |  2.0

Action                   |  1- 3 |  4- 6 || total
-------------------------+-------+-------++-------
Melee: Unarmed           |    74 |    84 ||   158
       Constrict         |    21 |    14 ||    35
       Kick              |    10 |     5 ||    15
       Tentacles         |     5 |     6 ||    11
       Punch             |     1 |     3 ||     4
Throw: Tomahawk          |     1 |       ||     1
 Cast: Beastly Appendage |    10 |     3 ||    13
       Spider Form       |       |     3 ||     3
 Stab: Sleeping          |     8 |     1 ||     9
  Eat: Chunk             |     2 |     3 ||     5
Armor: Skin              |     7 |     4 ||    11
Dodge: Dodged            |    35 |    44 ||    79
